 Dungeon Crawl Stone Soup version 0.27.1-3-gb3d3a73c9e (webtiles) character file.

Game seed: 2227333966000221872

49 TheGamechu the Magician (level 4, -1/32 HPs)
             Began as a Djinni Hedge Wizard on Oct 5, 2021.
             Slain by a scorpion (8 damage)
             ... on level 3 of the Dungeon.
             The game lasted 00:07:10 (3175 turns).

TheGamechu the Magician (Djinni Hedge Wizard)       Turns: 3175, Time: 00:07:10

Health: -1/32      AC:  2    Str:  9    XL:     4   Next: 2%
Gold:   57         EV: 12    Int: 16    God:
                   SH:  0    Dex: 13

rFire    + + .     SeeInvis .   a - +0 dagger
rCold    x . .     Faith    .   (no shield)
rNeg     . . .     Spirit   .   b - +0 robe
rPois    ∞         Reflect  .   c - +0 hat
rElec    .         Harm     .   (no cloak)
rCorr    .         Rampage  .   (no gloves)
Will     .....                  (boots unavailable)
Stlth    ++........             (no amulet)
HPRegen  0.10/turn              (no ring)
MPRegen  0.00/turn              (no ring)

@: flying
A: sickness immunity, fire resistance 2, cold vulnerability 1, float, innate
caster, hp casting, extra vitality 1
a: no special abilities


You were on level 3 of the Dungeon.
You visited 1 branch of the dungeon, and saw 3 of its levels.

You collected 57 gold pieces.

Inventory:

Hand Weapons
 a - a +0 dagger (weapon)
Missiles
 f - 20 poisoned darts
Armour
 b - a +0 robe (worn)
 c - a +0 hat (worn)
Potions
 e - a potion of curing
 h - a potion of degeneration


   Skills:
 + Level 1.1 Fighting
 + Level 2.5 Dodging
 + Level 1.8 Stealth
 + Level 3.1 Spellcasting


You couldn't memorise any spells.
You knew the following spells:

 Your Spells              Type           Power      Damage    Failure   Level
a - Magic Dart            Conj           48%        1d5       4%          1
b - Blink                 Tloc           N/A        N/A       8%          2
c - Call Imp              Summ           12%        N/A       8%          2
d - Slow                  Hex            12%        N/A       8%          2
e - Conjure Flame         Conj/Fire      12%        6-21      16%         3
f - Mephitic Cloud        Conj/Pois/Air  12%        N/A       16%         3
g - Corona                Hex            13%        N/A       4%          1
Your spell library was empty.

Dungeon Overview and Level Annotations

Branches:
Dungeon (3/15)

Altars:


Innate Abilities, Weirdness & Mutations

You are immune to sickness and miasma.
You are immune to poison.
Your flesh is very heat resistant. (rF++)
You are vulnerable to cold. (rC-)
You float through the air rather than walking.
You learn spells naturally, not from books.
Your magical power is your life essence.
You have superior vitality. (+4 HP)


Message History

Your giant cockroach dissolves into shadows!
Your ball python dissolves into shadows!
There is a stone staircase leading down here.
You fly downwards.
Your summoned ally is left behind.
Found 2 inky potions.
Found an escape hatch in the ceiling.
There is a stone staircase leading up here.
A scorpion comes into view.
A kobold comes into view. It is wielding a +0 dagger.
The frilled lizard hisses angrily.
You barely miss the scorpion. The scorpion stings you!
The kobold shouts!
You hit the scorpion but do no damage. The scorpion barely misses you.
The frilled lizard closely misses you.
Casting: Call Imp (safe; 8% risk of failure)
Confirm with . or Enter, or press ? or * to list all spells.
A beastly little devil appears in a puff of flame.
The scorpion barely misses you. The frilled lizard bites you.
Casting: Call Imp (safe; 8% risk of failure)
Confirm with . or Enter, or press ? or * to list all spells.
A beastly little devil appears in a puff of flame.
The scorpion barely misses you. The frilled lizard bites you.
The scorpion stings you but does no damage.
The kobold hits your crimson imp with a +0 dagger.
Your crimson imp hits the kobold.
The kobold dies!
Your crimson imp closely misses the frilled lizard.
Your crimson imp blinks!
There is a stone staircase leading up here.
Casting: Call Imp (safe; 8% risk of failure)
Confirm with . or Enter, or press ? or * to list all spells.
A beastly little devil appears in a puff of flame.
The scorpion stings you!
* * * LOW HITPOINT WARNING * * *
Your crimson imp closely misses the scorpion.
Your crimson imp barely misses the frilled lizard.
The frilled lizard bites you but does no damage.
Your crimson imp hits the frilled lizard.
The frilled lizard bites your crimson imp.
The scorpion stings you!
You die...

#..#..........#
#..#...........
..............
#..<.!......#
............
#..........
##.........#
#...@......#
#..5s......#
#.5l5......#
#..........#
..##..........#
.............##
###............
##...).......
#.......####


You could see a scorpion (ally target), a frilled lizard (ally target) and 3
friendly crimson imps.

Vanquished Creatures
  A dart slug (D:2)
  A ball python (D:1)
  5 endoplasms
  4 goblins
  A quokka (D:2)
  3 kobolds
  2 rats (D:1)
17 creatures vanquished.

Vanquished Creatures (collateral kills)
  2 adders (D:2)
  2 worms (D:2)
  A ball python (D:2)
  An endoplasm (D:1)
  A giant cockroach (D:1)
  2 goblins
  3 hobgoblins (D:2)
  A quokka (D:2)
  A bat (D:2)
  4 kobolds
  A rat (D:2)
19 creatures vanquished.

Grand Total: 36 creatures vanquished

Notes
Turn   | Place    | Note
-------+----------+-------------------------------------------
     0 | D:1      | TheGamechu the Djinni Hedge Wizard began the quest for the
                  | Orb.
     0 | D:1      | Reached XP level 1. HP: 15/15 MP: 0/0
   326 | D:1      | Reached XP level 2. HP: 20/21 MP: 0/0
  1665 | D:2      | Reached XP level 3. HP: 21/26 MP: 0/0
  1665 | D:2      | Learned a level 1 spell: Corona
  1778 | D:2      | Reached skill level 3 in Spellcasting
  2598 | D:2      | Reached skill level 1 in Fighting
  2774 | D:2      | Reached XP level 4. HP: 7/32 MP: 0/0
  3163 | D:3      | Noticed a scorpion
  3175 | D:3      | Slain by a scorpion

Illustrated notes

Levels and vault maps discovered:
D:1:      dpeg_arrival_erosion, layout_rooms
D:2:      layout_basic
D:3:      layout_rooms, grunt_temple_overflow_cloverleaf, lemuel_tele_altar,
          serial_park_tiny_pond

Skill      XL: |  1  2  3 |
---------------+----------+-----
Spellcasting   | 3 |  3.1
Fighting       | 1 |  1.1
Dodging        | |  2.5
Stealth        | |  1.8

Action                   |  1- 3 |  4- 6 || total
-------------------------+-------+-------++-------
Melee: Dagger            |    40 |     4 ||    44
 Cast: Magic Dart        |    34 |       ||    34
       Call Imp          |    27 |     5 ||    32
       Slow              |     5 |       ||     5
       Blink             |     2 |       ||     2
  Use: Scroll            |       |     4 ||     4
Armor: Robe              |    17 |     3 ||    20
Dodge: Dodged            |    31 |     5 ||    36
